 Dungeon Crawl Stone Soup version 0.17.0-28-g6e173f8 (webtiles) character file.

2548 DeXoteric the Cleaver (level 9, -5/85 HPs)
             Began as a Hill Orc Gladiator on Nov 25, 2015.
             Was a Follower of Okawaru.
             Killed from afar by Erica (31 damage)
             ... with an orb of energy
             ... on level 8 of the Dungeon.
             The game lasted 00:17:19 (8157 turns).

DeXoteric the Cleaver (Hill Orc Gladiator)          Turns: 8157, Time: 00:17:19

Health: -5/85      AC: 12    Str: 21    XL:     9   Next: 56%
Magic:  11/11      EV:  8    Int:  8    God:    Okawaru [*.....]
Gold:   221        SH:  0    Dex: 11    Spells: 0 memorised, 8 levels left

rFire  . . .     SeeInvis .     y - +0 dire flail
rCold  . . .     Clarity  .     k - +0 chain mail
rNeg   . . .     SustAt   .     (shield currently unavailable)
rPois  .         Gourm    .     c - +0 helmet
rElec  .         Spirit   .     C - +0 cloak
rCorr  .         Warding  .     p - +1 pair of gloves
rMut   .         Stasis   .     (no boots)
MR     .....                    (no amulet)
Stlth  ..........               (no ring)
                                (no ring)

@: slowed, very slow, not resistant to hostile enchantments, extremely
unstealthy
A: wild magic 1
a: Heroism, Renounce Religion


You were on level 8 of the Dungeon.
You worshipped Okawaru.
Okawaru was aware of your devotion.
You were not hungry.

You visited 1 branch of the dungeon, and saw 8 of its levels.

You collected 371 gold pieces.
You spent 150 gold pieces at shops.

Inventory:

Hand Weapons
 a - a +0 war axe
 y - a +0 dire flail (weapon)
Missiles
 d - 3 throwing nets (quivered)
 m - 8 curare-tipped needles
Armour
 c - a +0 helmet (worn)
 k - a +0 chain mail (worn)
 p - a +1 pair of gloves (worn)
 C - a +0 cloak (worn)
Scrolls
 f - a scroll of amnesia {unknown}
 h - 4 scrolls of remove curse
 l - 2 scrolls of blinking {unknown}
 q - 2 scrolls of recharging {unknown}
 s - 5 scrolls of teleportation {unknown}
 t - a scroll of random uselessness {unknown}
 u - 3 scrolls of enchant weapon {unknown}
 B - 2 scrolls of immolation {unknown}
 G - a scroll of vulnerability {unknown}
Potions
 b - a potion of flight
 g - 2 potions of brilliance
 i - a potion of magic
 j - 4 potions of curing
 r - a potion of heal wounds
 v - a potion of cancellation
 w - a potion of resistance {unknown}
 z - a potion of agility {unknown}
 D - a potion of berserk rage {unknown}
 E - a potion of degeneration {unknown}
Comestibles
 e - 4 bread rations
 n - 6 meat rations
 o - 2 royal jellies
 x - a chunk of flesh
 A - a slice of pizza


   Skills:
 + Level 9.6 Fighting
 + Level 12.7 Axes
 - Level 1.7 Throwing
 - Level 2.4 Dodging
 + Level 3.2 Invocations


You had 8 spell levels left.
You didn't know any spells.

Dungeon Overview and Level Annotations

Branches:
Dungeon (8/15)             Temple (0/1) D:7
   Lair: D:8-11

Altars:
Cheibriados
Dithmenos
Fedhas
Gozag
Nemelex Xobeh
Okawaru
Sif Muna
Vehumet

Shops:
D:8 *

Annotations:
D:8 Erica


Innate Abilities, Weirdness & Mutations

Your spells are a little harder to cast, but a little more powerful.


Message History

Erica closely misses you.
You barely miss Erica.
Erica is severely wounded.
Erica hits you but does no damage.
Your chain mail prevents you from hitting Erica.
Erica is severely wounded.
Erica points at you and mumbles some strange words.
You feel yourself slow down.
You sock Erica!
Erica is severely wounded.
Erica hits you but does no damage.
You hit Erica.
Erica is severely wounded.
Erica closely misses you.
You barely miss Erica.
Erica is severely wounded.
Erica barely misses you. Erica gestures at you while chanting.
The orb of energy hits you!
You die...

p.. .p.### .K....#
....... .......
...p...
.....p.#########
.......)..@o...#
......########.#######
#...# #.##....# ###
#.##.##.## #.#......#
#.....##.#
#########.#.##.#
###...##....#....#
#<#'#)##.#########


You could see Erica and a neutral freed slave (wandering).

Vanquished Creatures
  Pikel (D:8)
  A sky beast (D:6)
  A water moccasin (D:6)
  The ghost of zigs the Magician, an amateur SpIE (D:3)
  An orc warrior (D:6)
  A wasp (D:7)
  2 centaurs
  3 ogres
  A big kobold (D:7)
  3 giant frogs
  A wyvern zombie (D:6)
  A scorpion (D:5)
  2 crimson imps
  A jelly (D:5)
  2 centaur skeletons
  4 hounds
  An orc priest (D:4)
  A hell rat (D:6)
  4 orc wizards
  3 worker ants
  2 hound skeletons
  2 worker ant zombies
  7 adders
  6 river rats (D:6)
  A shadow imp (D:5)
  An ooze (D:2)
  2 adder skeletons
  5 worms
  13 orcs
  3 ball pythons
  5 bats
  5 giant cockroaches
  10 goblins
  9 hobgoblins
  9 kobolds
  3 giant geckos
  A giant gecko skeleton (D:4)
  7 giant newts
  12 jackals
  2 quokkas
  32 rats
  A plant (D:7)
173 creatures vanquished.

Vanquished Creatures (others)
  2 fungi (D:7)
2 creatures vanquished.

Grand Total: 175 creatures vanquished

Notes
Turn   | Place    | Note
--------------------------------------------------------------
     0 | D:1      | DeXoteric the Hill Orc Gladiator began the quest for the Orb.
     0 | D:1      | Reached XP level 1. HP: 18/18 MP: 1/1
   449 | D:1      | Reached XP level 2. HP: 16/25 MP: 2/2
   927 | D:1      | Reached skill level 5 in Axes
  1096 | D:1      | Reached XP level 3. HP: 25/30 MP: 3/3
  1559 | D:2      | Reached skill level 6 in Axes
  1621 | D:2      | Reached XP level 4. HP: 37/37 MP: 4/4
  2012 | D:3      | Noticed zigs's ghost (amateur SpIE)
  2414 | D:3      | Killed zigs's ghost
  2414 | D:3      | Reached skill level 8 in Axes
  2414 | D:3      | Reached XP level 5. HP: 30/42 MP: 5/5
  2857 | D:3      | Found a snail-covered altar of Cheibriados.
  3371 | D:4      | Reached XP level 6. HP: 50/50 MP: 6/6
  3934 | D:5      | Entered Level 5 of the Dungeon
  3947 | D:5      | Reached skill level 9 in Axes
  3998 | D:5      | Reached XP level 7. HP: 58/60 MP: 7/7
  4018 | D:5      | Found a shadowy altar of Dithmenos.
  4065 | D:5      | Found a sparkling altar of Nemelex Xobeh.
  4313 | D:5      | Reached skill level 5 in Fighting
  4679 | D:6      | Reached skill level 10 in Axes
  4683 | D:6      | HP: 2/62 [poisoned by a water moccasin]
  5269 | D:6      | Reached XP level 8. HP: 57/71 MP: 8/8
  5987 | D:6      | Reached skill level 11 in Axes
  7110 | D:7      | Found a deep blue altar of Sif Muna.
  7145 | D:7      | Found a radiant altar of Vehumet.
  7153 | D:7      | Found an iron altar of Okawaru.
  7160 | D:7      | Became a worshipper of Warmaster Okawaru
  7210 | D:7      | Paralysed by a wasp for 1 turns
  7214 | D:7      | Reached XP level 9. HP: 42/82 MP: 9/9
  7478 | D:7      | Found a deep blue altar of Sif Muna.
  7535 | D:7      | Found an opulent altar of Gozag.
  7542 | D:7      | Found a blossoming altar of Fedhas.
  7566 | D:7      | Reached skill level 12 in Axes
  7693 | D:7      | Found a staircase to the Ecumenical Temple.
  7945 | D:8      | Found Vah Anar's Assorted Antiques.
  7948 | D:8      | Bought a scroll of identify for 60 gold pieces
  7948 | D:8      | Bought a potion of curing for 90 gold pieces
  7950 | D:8      | Gained mutation: Your spells are a little harder to cast, but a little more powerful. [potion of beneficial mutation]
  7958 | D:8      | Reached skill level 1 in Invocations
  8103 | D:8      | Noticed Pikel
  8112 | D:8      | Noticed Erica
  8140 | D:8      | Killed Pikel
  8140 | D:8      | Reached * piety under Okawaru
  8157 | D:8      | Killed from afar by Erica

Action                   |  1- 3 |  4- 6 |  7- 9 || total
-------------------------+-------+-------+-------++-------
Melee: War axe           |   119 |   203 |   111 ||   433
       Dire flail        |       |       |   306 ||   306
  Use: Scroll            |       |     5 |     3 ||     8
       Potion            |       |       |     3 ||     3
  Eat: Chunk             |     2 |     8 |    12 ||    22
       Royal jelly       |       |       |     1 ||     1
